 Dungeon Crawl Stone Soup version 0.25-a0-353-ged6d54792d (webtiles) character file.

Game seed: 4227326350510478110, levelgen mode: deterministic

84 BritishOli the Slasher (level 4, -1/34 HPs)
             Began as a Demonspawn Gladiator on Jan 2, 2020.
             Slain by an adder skeleton (4 damage)
             ... on level 3 of the Dungeon.
             The game lasted 00:01:41 (1879 turns).

BritishOli the Slasher (Demonspawn Gladiator)       Turns: 1879, Time: 00:01:43

Health: -1/34      AC:  4    Str: 15    XL:     4   Next: 24%
Magic:  4/4        EV: 13    Int:  9    God:
Gold:   85         SH:  0    Dex: 15    Spells: 3/3 levels left

rFire    . . .     SeeInvis .   a - +0 long sword
rCold    . . .     Gourm    .   (no shield)
rNeg     . . .     Faith    .   b - +0 leather armour
rPois    .         Spirit   .   c - +0 helmet
rElec    .         Reflect  .   (no cloak)
rCorr    .         Harm     .   (no gloves)
MR       .....                  (no boots)
Stlth    +.........             (no amulet)
HPRegen  0.11/turn              (no ring)
MPRegen  0.09/turn              (no ring)

@: no status effects
A: claws 1
a: no special abilities


You were on level 3 of the Dungeon.
You were very hungry.

You visited 1 branch of the dungeon, and saw 3 of its levels.

You collected 85 gold pieces.

Inventory:

Hand Weapons
 a - a +0 long sword (weapon)
Missiles
 d - 3 throwing nets (quivered)
Armour
 b - a +0 leather armour (worn)
 c - a +0 helmet (worn)
Scrolls
 e - a scroll of magic mapping {unknown}
 g - 2 scrolls of identify {unknown}
 h - a scroll of amnesia {unknown}
 i - a scroll of enchant weapon {unknown}
 k - a scroll of fear {unknown}
Comestibles
 f - 4 rations


   Skills:
 + Level 2.7 Fighting
 * Level 3.5 Long Blades
 - Level 2.0 Throwing
 + Level 1.1 Armour
 + Level 3.1 Dodging


You had 3 spell levels left.
You didn't know any spells.
Your spell library was empty.

Dungeon Overview and Level Annotations

Branches:
Dungeon (3/15)

Altars:
Zin

Shops:
D:2 *


Innate Abilities, Weirdness & Mutations

You have sharp fingernails.


Message History

You slash the hound skeleton!
You destroy the hound skeleton!
The adder skeleton bites you.
* * * LOW HITPOINT WARNING * * *
The adder skeleton bites you but does no damage.
An adder comes into view.
The adder hisses angrily.
The adder skeleton misses you.
You riposte.
You barely miss the adder skeleton. The adder skeleton closely misses you.
You slash the adder skeleton!
The adder skeleton is almost destroyed.
The adder skeleton bites you but does no damage.
You hit the adder skeleton but do no damage.
The adder skeleton is almost destroyed.
The adder skeleton bites you.
* * * LOW HITPOINT WARNING * * *
The adder bites you.
* * * LOW HITPOINT WARNING * * *
The adder skeleton bites you.
You die...

#### #.. .#
######.####.#####
###....#<.........
.................
##.......##....###.
#.......##........
#.##+#...Z........
# #......@...)...
#.#.....S......
.........8..?...
.####..#......... .
#..#.........
#............
#............
...##.####...


You could see an adder and an adder skeleton.

Vanquished Creatures
  Jessica (D:2)
  A hound skeleton (D:3)
  An adder (D:2)
  An adder skeleton (D:3)
  2 worms (D:2)
  A dart slug (D:1)
  5 bats
  2 giant cockroaches
  A hobgoblin (D:2)
  5 kobolds (D:1)
  2 frilled lizards (D:1)
  2 goblins (D:1)
  5 rats
29 creatures vanquished.

Notes
Turn   | Place    | Note
-------+----------+-------------------------------------------
     0 | D:1      | BritishOli the Demonspawn Gladiator began the quest for the
                  | Orb.
     0 | D:1      | Reached XP level 1. HP: 16/16 MP: 1/1
   270 | D:1      | Gained mutation: You have sharp fingernails. [demonic
                  | ancestry]
   270 | D:1      | Reached XP level 2. HP: 22/22 MP: 2/2
   869 | D:2      | Noticed Jessica
   873 | D:2      | Killed Jessica
   873 | D:2      | Reached XP level 3. HP: 28/28 MP: 3/3
   953 | D:2      | HP: 1/28 [poisoned by an adder]
  1322 | D:2      | Reached skill level 1 in Armour
  1334 | D:2      | Found Zin's Purification Station.
  1336 | D:2      | Found a glowing silver altar of Zin.
  1873 | D:3      | Reached XP level 4. HP: 16/34 MP: 4/4
  1879 | D:3      | Slain by an adder skeleton

Levels and vault maps discovered:
D:1:      erik_arrival_triangle_medium, layout_basic, minmay_pentomino_w2
D:2:      layout_loops_corners, zin_purify, uniq_jessica
D:3:      layout_basic, serial_undead, serial_undead_d, serial_undead_d,
          serial_undead_d, serial_undead_c, first_ration

Skill      XL: |  1  2  3 |
---------------+----------+-----
Throwing       | 2 |  2.0
Long Blades    | 3 |  3.5
Dodging        | 3 |  3.1
Armour         | 1 |  1.1
Fighting       | |  2.7

Action                   |  1- 3 |  4- 6 || total
-------------------------+-------+-------++-------
Melee: Long sword        |    88 |     4 ||    92
  Use: Potion            |     2 |       ||     2
 Stab: Sleeping          |     1 |       ||     1
  Eat: Chunk             |     2 |       ||     2
Armor: Leather armour    |    57 |     3 ||    60
       Skin              |     2 |       ||     2
Dodge: Dodged            |   100 |     4 ||   104
       Rpst.: Long sword |    35 |     1 ||    36

Table legend:
 A = Non-vault XP
 B = Vault XP
 C = Vault XP percentage of total XP
 D = Non-vault monster count
 E = Vault monster count
 F = Vault count percentage of total count
                 A         B        C        D         E       F
            +---------+---------+-------+---------+---------+-------
      Total |      57 |      64 |  52.9 |      24 |       5 |  17.2
            +---------+---------+-------+---------+---------+-------
        D:1 |      25 |       2 |   7.4 |      16 |       2 |  11.1
        D:2 |      31 |      37 |  54.4 |       7 |       1 |  12.5
        D:3 |       1 |      25 |  96.2 |       1 |       2 |  66.7
            +---------+---------+-------+---------+---------+-------
